 Dungeon Sprint DCSS version 0.17-a0-1920-gafa4d75 (webtiles) character file.

63108 Kidiri the Imperceptible (level 14, -4/59 HPs)
             Began as a Spriggan Enchanter on Sept 27, 2015.
             Was the Champion of Dithmenos.
             Slain by an azure jelly (15 damage)
             ... in the Dungeon (Sprint III: "The Ten Rune Challenge").
             The game lasted 00:30:48 (8197 turns).

Kidiri the Imperceptible (Spriggan Enchanter)       Turns: 8197, Time: 00:30:48

Health: -4/59      AC:  3    Str:  4    XL:     14   Next: 18%
Magic:  33/38      EV: 37    Int: 21    God:    Dithmenos [******]
Gold:   3246       SH:  0    Dex: 18    Spells: 5 memorised, 39 levels left

rFire  . . .     SeeInvis +     a - +7 quick blade
rCold  + . .     Clarity  .     t - +2 robe {rF+}
rNeg   . . .     SustAt   .     (shield restricted)
rPois  .         Gourm    .     f - +0 hat {Int+3}
rElec  .         Spirit   .     (no cloak)
rCorr  .         Warding  .     (gloves unavailable)
rMut   .         NoTele   +     (boots unavailable)
MR     ++...                    (no amulet)
Stlth  ++++++++++               (no ring)
                                u - ring of ice

@: wreathed by umbra, very quick, very resistant to hostile enchantments,
uncannily stealthy
A: unfitting armour, see invisible, deformed body, dopey 1, herbivore 3, speed
3, mutation resistance 1, slow metabolism 2
a: Shadow Step, Shadow Form, Renounce Religion
}: 1/10 runes: serpentine


You were in the Dungeon.
You worshipped Dithmenos.
Dithmenos was exalted by your worship.
You were full.

You visited 1 branch You collected 3483 gold pieces.
You spent 237 gold pieces at shops.

Inventory:

Hand weapons
 a - a +7 quick blade (weapon)
Missiles
 p - 10 throwing nets (quivered)
Armour
 f - a +0 hat of intelligence (worn)
 t - a +2 robe of fire resistance (worn)
 v - a +2 robe of cold resistance
Jewellery
 u - a ring of ice (left hand)
Magical devices
 l - a wand of digging (14)
Scrolls
 m - a scroll of remove curse
 q - 2 scrolls of amnesia
 s - a scroll of blinking
Potions
 c - a potion of might
 e - 2 potions of curing
 g - 2 potions of haste
 h - a potion of magic
 i - 2 potions of berserk rage
 j - a potion of heal wounds
 n - a potion of invisibility
 o - 4 potions of flight
Comestibles
 d - a bread ration
 k - 26 royal jellies
 r - 9 fruits


   Skills:
 * Level 17.8 Short Blades
 * Level 22.2 Dodging
 * Level 23.7 Stealth
 * Level 19.2 Spellcasting
 + Level 9.3 Conjurations
 + Level 14.9 Hexes
 + Level 10.4 Ice Magic
 - Level 6.2 Invocations


You had 39 spell levels left.
You knew the following spells:

 Your Spells              Type           Power        Failure   Level  Hunger
a - Corona                Hex            ######.      0%          1    None
b - Ensorcelled Hibernat  Hex/Ice        ######       1%          2    None
c - Confuse               Hex            ######..     0%          3    None
d - Tukima's Dance        Hex            ######..     0%          3    None
e - Dazzling Spray        Conj/Hex       ######..     1%          3    None


Dungeon Overview and Level Annotations

Branches:
Dungeon (1/1)

Altars:
Cheibriados
Dithmenos
Elyvilon
Fedhas
Gozag
Kikubaaqudgha
Makhleb
Nemelex Xobeh
Okawaru
Qazlal
Ru
Sif Muna
Trog
Vehumet
Xom
Yredelemnul
Zin
The Shining One
Jiyva
Lugonu

Shops:
D %=[*%[:


Innate Abilities, Weirdness & Mutations

You are tiny and cannot use many weapons and most armour.
You have supernaturally acute eyesight.
You are a herbivore.
You cover ground extremely quickly.
You need consume almost no food.
Armour fits poorly on your strangely shaped body.
You are dopey. (Int -2)
You are somewhat resistant to further mutation.


Message History

The azure jelly completely misses you. x3
You bump into the rock wall.
The azure jelly hits you but does no damage.
The azure jelly hits you!
You emit a cloud of dark smoke.
The azure jelly freezes you! You resist.
You emit a cloud of dark smoke.
The azure jelly hits you. The azure jelly barely misses you.
You bump into the translucent rock wall.
You hear a slurping noise.
The azure jelly eats the door!
The azure jelly hits you. The azure jelly freezes you! You resist.
* * * LOW HITPOINT WARNING * * *
You emit a cloud of dark smoke.
The azure jelly misses you. The azure jelly completely misses you.
The azure jelly barely misses you.
The azure jelly completely misses you. x2
The azure jelly closely misses you. The azure jelly completely misses you.
Drink which item? (? for menu, Esc to quit)
You feel better. The azure jelly hits you!
* * * LOW HITPOINT WARNING * * *
The azure jelly freezes you! You resist.
You die...

▓.................#___
▓▓▓▓▓▓▓▓▓▓▓▓▓▓▓▓▓▓▓▓▓▓
▓...+.≈≈≈.≈≈≈≈♣♣.....
▓...#≈.≈≈§§§≈≈♣♣.≈≈≈≈
▓...#≈≈≈≈§§≈≈≈≈'.....
▓...#≈≈≈§§≈§≈≈♣♣♣♣♣♣♣
▓.§§#≈≈≈≈≈§≈≈≈♣
▓##J####'#######♣ ♣
▓§§J@§......[...♣♣ ♣
▓#§#############+♣ ♣
▓§..#≈...........♣
▓...+≈≈...########♣♣
▓.J.#≈≈≈...........♣
▓.J.#≈≈≈≈..........♣
#+#############+#####
#%..... #......


You could see 4 azure jellies.

Vanquished Creatures
  Sigmund (D)
  Rupert (D)
  Gastronok (D)
  A greater naga (D)
  Maud (D)
  2 deep elf demonologists (D)
  A deep elf annihilator (D)
  2 dire elephants (D)
  A deep elf death mage (D)
  A fire dragon (D)
  A deep elf high priest (D)
  A naga warrior (D)
  2 hydras (D)
  2 centaur warriors (D)
  Erolcha (D)
  6 anacondas (D)
  4 death yaks (D)
  4 dancing weapons (D)
  3 death drakes (D)
  A deep elf knight (D)
  A spriggan druid (D)
  2 deep elf summoners (D)
  An obsidian statue (D)
  A lindwurm (D)
  3 deep elf conjurers (D)
  An orc knight (D)
  An orc sorcerer (D)
  7 black mambas (D)
  2 elephants (D)
  A guardian serpent (D)
  2 spiny frogs (D)
  Edmund (D)
  A fire drake (D)
  3 wandering mushrooms (D)
  A deep elf priest (D)
  A komodo dragon (D)
  4 spriggan defenders (D)
  2 slime creatures (D)
  A queen bee (D)
  8 blink frogs (D)
  A redback (shapeshifter) (D)
  2 trapdoor spiders (D)
  4 redbacks (D)
  2 spriggans (D)
  A shadow (D)
  2 hill giants (D)
  A spatial vortex (D)
  6 water moccasins (D)
  A swamp drake (D)
  An orc warrior (D)
  A necrophage (D)
  3 two-headed ogres (D)
  A water elemental (D)
  2 brain worms (D)
  A scorpion (D)
  32 killer bees (D)
  5 orc priests (D)
  A wizard (D)
  An electric eel (D)
  A jelly (D)
  An orc wizard (D)
  Jessica (D)
  A necromancer (D)
  3 humans (D)
  A kobold demonologist (D)
  4 adders (D)
  2 oozes (D)
  9 orcs (D)
  A giant cockroach (D)
  8 plants (D)
181 creatures vanquished.

Vanquished Creatures (collateral kills)
  An orc high priest (D)
  An orc knight (D)
  2 nagas (D)
  An orc (D)
5 creatures vanquished.

Vanquished Creatures (others)
  2 draconian scorchers (D)
  3 yaktaurs (D)
  13 plants (D)
18 creatures vanquished.

Grand Total: 204 creatures vanquished

Notes
Turn   | Place    | Note
--------------------------------------------------------------
     0 | D        | Kidiri the Spriggan Enchanter began the quest for the Orb.
     0 | D        | Reached XP level 1. HP: 9/9 MP: 5/5
    11 | D        | Reached skill level 5 in Stealth
    11 | D        | Reached XP level 2. HP: 13/13 MP: 5/7
    26 | D        | Killed a yaktaur
    38 | D        | Noticed Jessica
    49 | D        | Killed Jessica
    49 | D        | Reached skill level 5 in Dodging
    49 | D        | Reached skill level 6 in Stealth
    49 | D        | Reached XP level 3. HP: 11/16 MP: 7/10
    74 | D        | Learned a level 2 spell: Ensorcelled Hibernation
    78 | D        | Learned a level 3 spell: Confuse
    82 | D        | Learned a level 3 spell: Tukima's Dance
   223 | D        | Noticed a scorpion
   230 | D        | Killed a scorpion
   230 | D        | Reached skill level 7 in Stealth
   230 | D        | Reached skill level 5 in Spellcasting
   230 | D        | Reached skill level 5 in Hexes
   230 | D        | Reached skill level 1 in Ice Magic
   230 | D        | Reached XP level 4. HP: 21/21 MP: 10/12
   235 | D        | Learned a level 3 spell: Dazzling Spray
   249 | D        | Gained mutation: You expend magic power (3 MP) to strengthen your wands. [potion of mutation]
   249 | D        | Gained mutation: Armour fits poorly on your strangely shaped body. [potion of mutation]
   249 | D        | Gained mutation: You are somewhat resistant to further mutation. [potion of mutation]
   251 | D        | Gained mutation: You are dopey. (Int -2) [potion of mutation]
   251 | D        | Lost mutation: You expend magic power (3 MP) to strengthen your wands. [potion of mutation]
   274 | D        | Noticed a water elemental
   276 | D        | Killed a water elemental
   276 | D        | Reached skill level 5 in Short Blades
   276 | D        | Reached skill level 8 in Stealth
   276 | D        | Reached skill level 1 in Conjurations
   276 | D        | Reached XP level 5. HP: 24/24 MP: 12/14
   287 | D        | Killed a white draconian scorcher
   294 | D        | Killed a white draconian scorcher
   299 | D        | Noticed a jelly
   300 | D        | Noticed a shadow
   302 | D        | Killed a shadow
   302 | D        | Reached skill level 9 in Stealth
   302 | D        | Reached XP level 6. HP: 28/28 MP: 15/17
   308 | D        | Killed a jelly
   308 | D        | Reached skill level 10 in Stealth
   314 | D        | Found a stormy altar of Qazlal.
   315 | D        | Noticed a spatial vortex
   323 | D        | Found a sacrificial altar of Ru.
   323 | D        | Found a burning altar of Makhleb.
   323 | D        | Found a viscous altar of Jiyva.
   323 | D        | Found a shimmering altar of Xom.
   323 | D        | Found a shadowy altar of Dithmenos.
   323 | D        | Found a sparkling altar of Nemelex Xobeh.
   323 | D        | Found a corrupted altar of Lugonu.
   323 | D        | Found an opulent altar of Gozag.
   328 | D        | Became a worshipper of Dithmenos the Shadowed
   363 | D        | Killed a yaktaur
   463 | D        | Killed a spatial vortex
   463 | D        | Reached skill level 1 in Invocations
   535 | D        | Killed a yaktaur
   569 | D        | Found a radiant altar of Vehumet.
   570 | D        | Found a deep blue altar of Sif Muna.
   570 | D        | Found an ancient bone altar of Kikubaaqudgha.
   570 | D        | Noticed a wizard
   571 | D        | Killed a wizard
   594 | D        | Found a glowing silver altar of Zin.
   595 | D        | Found a glowing golden altar of the Shining One.
   595 | D        | Found a white marble altar of Elyvilon.
   595 | D        | Noticed a deep elf priest
   597 | D        | Killed a deep elf priest
   597 | D        | Reached skill level 10 in Dodging
   597 | D        | Reached skill level 11 in Stealth
   597 | D        | Reached XP level 7. HP: 32/32 MP: 18/20
   608 | D        | Found an iron altar of Okawaru.
   609 | D        | Found a bloodstained altar of Trog.
   609 | D        | Noticed a human
   609 | D        | Noticed a human
   611 | D        | Killed a human
   612 | D        | Killed a human
   612 | D        | Reached skill level 12 in Stealth
   612 | D        | Reached XP level 8. HP: 36/36 MP: 20/22
   668 | D        | Found a snail-covered altar of Cheibriados.
   668 | D        | Noticed a necrophage
   669 | D        | Found a basalt altar of Yredelemnul.
   669 | D        | Found a blossoming altar of Fedhas.
   669 | D        | Noticed a necromancer
   670 | D        | Killed a necrophage
   670 | D        | Acquired Dithmenos's first power
   671 | D        | Killed a necromancer
   748 | D        | Noticed a two-headed ogre
   748 | D        | Noticed a two-headed ogre
   752 | D        | Killed a two-headed ogre
   754 | D        | Killed a two-headed ogre
   757 | D        | Noticed a two-headed ogre
   770 | D        | Killed a two-headed ogre
   770 | D        | Acquired Dithmenos's second power
   986 | D        | Noticed a hill giant
   989 | D        | Killed a hill giant
   989 | D        | Reached skill level 10 in Spellcasting
   995 | D        | Noticed a hill giant
   995 | D        | Noticed Erolcha
   997 | D        | Killed Erolcha
   997 | D        | Reached skill level 13 in Stealth
   997 | D        | Reached XP level 9. HP: 39/39 MP: 24/24
   998 | D        | Killed a hill giant
  1094 | D        | Noticed a redback
  1099 | D        | Killed a redback
  1099 | D        | Acquired Dithmenos's third power
  1125 | D        | Noticed a trapdoor spider
  1127 | D        | Killed a trapdoor spider
  1127 | D        | Reached skill level 5 in Ice Magic
  1162 | D        | Noticed a trapdoor spider
  1163 | D        | Killed a trapdoor spider
  1163 | D        | Reached skill level 10 in Short Blades
  1163 | D        | Reached skill level 14 in Stealth
  1187 | D        | Noticed a killer bee
  1187 | D        | Noticed a killer bee
  1187 | D        | Noticed a killer bee
  1187 | D        | Noticed a killer bee
  1187 | D        | Noticed a killer bee
  1187 | D        | Noticed a queen bee
  1187 | D        | Noticed a killer bee
  1187 | D        | Noticed a killer bee
  1187 | D        | Noticed a killer bee
  1187 | D        | Noticed a killer bee
  1187 | D        | Noticed a killer bee
  1187 | D        | Noticed a killer bee
  1187 | D        | Noticed a killer bee
  1187 | D        | Noticed a killer bee
  1187 | D        | Noticed a killer bee
  1188 | D        | Noticed a killer bee
  1188 | D        | Noticed a killer bee
  1188 | D        | Noticed a killer bee
  1188 | D        | Noticed a killer bee
  1188 | D        | Noticed a killer bee
  1188 | D        | Noticed a killer bee
  1188 | D        | Noticed a killer bee
  1188 | D        | Noticed a killer bee
  1188 | D        | Noticed a killer bee
  1188 | D        | Noticed a killer bee
  1188 | D        | Noticed a killer bee
  1188 | D        | Noticed a killer bee
  1188 | D        | Noticed a killer bee
  1188 | D        | Noticed a killer bee
  1188 | D        | Noticed a killer bee
  1188 | D        | Noticed a killer bee
  1188 | D        | Noticed a killer bee
  1188 | D        | Noticed a killer bee
  1189 | D        | Killed a killer bee
  1195 | D        | Killed a killer bee
  1196 | D        | Killed a killer bee
  1196 | D        | Reached skill level 5 in Invocations
  1200 | D        | Killed a killer bee
  1200 | D        | Acquired Dithmenos's fourth power
  1202 | D        | Killed a killer bee
  1204 | D        | Killed a killer bee
  1208 | D        | Killed a killer bee
  1210 | D        | Killed a killer bee
  1212 | D        | Killed a killer bee
  1353 | D        | Killed a killer bee
  1355 | D        | Killed a killer bee
  1357 | D        | Killed a killer bee
  1359 | D        | Killed a killer bee
  1361 | D        | Killed a killer bee
  1363 | D        | Killed a killer bee
  1365 | D        | Killed a killer bee
  1369 | D        | Killed a killer bee
  1371 | D        | Killed a killer bee
  1373 | D        | Killed a killer bee
  1375 | D        | Killed a killer bee
  1532 | D        | Killed a killer bee
  1535 | D        | Killed a killer bee
  1537 | D        | Killed a killer bee
  1539 | D        | Killed a killer bee
  1541 | D        | Killed a killer bee
  1543 | D        | Killed a killer bee
  1545 | D        | Killed a killer bee
  1549 | D        | Killed a killer bee
  1552 | D        | Killed a killer bee
  1552 | D        | Reached XP level 10. HP: 44/44 MP: 4/26
  1692 | D        | Killed a killer bee
  1704 | D        | Killed a killer bee
  1706 | D        | Killed a killer bee
  1709 | D        | Killed a queen bee
  1709 | D        | Reached skill level 15 in Stealth
  1804 | D        | Noticed a wandering mushroom
  1805 | D        | Noticed a wandering mushroom
  1805 | D        | Noticed a wandering mushroom
  1806 | D        | Killed a wandering mushroom
  1808 | D        | Killed a wandering mushroom
  1809 | D        | Killed a wandering mushroom
  1848 | D        | Noticed a spiny frog
  1848 | D        | Noticed a komodo dragon
  1848 | D        | Noticed a spiny frog
  1854 | D        | Killed a spiny frog
  1856 | D        | Killed a komodo dragon
  1856 | D        | Reached skill level 5 in Conjurations
  1856 | D        | Reached skill level 10 in Hexes
  1859 | D        | Killed a spiny frog
  1994 | D        | Noticed a redback
  1996 | D        | Killed a redback
  1997 | D        | Noticed a brain worm
  2000 | D        | Killed a brain worm
  2006 | D        | Noticed a brain worm
  2008 | D        | Killed a brain worm
  2014 | D        | Noticed a lindwurm
  2016 | D        | Noticed a redback
  2017 | D        | Killed a lindwurm
  2017 | D        | Reached skill level 15 in Dodging
  2017 | D        | Reached skill level 16 in Stealth
  2019 | D        | Killed a redback
  2023 | D        | Noticed a redback
  2024 | D        | Killed a redback
  2025 | D        | Noticed Maud
  2027 | D        | Killed Maud
  2027 | D        | Reached XP level 11. HP: 47/47 MP: 29/29
  2134 | D        | Noticed an electric eel
  2135 | D        | Noticed a four-headed hydra
  2135 | D        | Noticed an eight-headed hydra
  2138 | D        | Killed an electric eel
  2159 | D        | Killed a four-headed hydra
  2171 | D        | Killed an eight-headed hydra
  2171 | D        | Reached skill level 17 in Stealth
  2236 | D        | Noticed a death drake
  2239 | D        | Killed a death drake
  2246 | D        | Found a blossoming altar of Fedhas.
  2246 | D        | Noticed a spriggan
  2246 | D        | Noticed a spriggan druid
  2246 | D        | Noticed a spriggan
  2248 | D        | Killed a spriggan druid
  2254 | D        | Killed a spriggan
  2255 | D        | Killed a spriggan
  2420 | D        | Noticed a death drake
  2422 | D        | Killed a death drake
  2425 | D        | Noticed a death drake
  2426 | D        | Found Jotritedi's Food Emporium.
  2427 | D        | Killed a death drake
  2430 | D        | Found Lalapnocselo's Antique Armour Shop.
  2445 | D        | Found Yshugrusu's Book Shoppe.
  2494 | D        | Noticed a swamp drake
  2494 | D        | Noticed a fire drake
  2495 | D        | Killed a fire drake
  2495 | D        | Reached skill level 18 in Stealth
  2497 | D        | Killed a swamp drake
  2506 | D        | Noticed a blink frog
  2506 | D        | Noticed a blink frog
  2506 | D        | Noticed a blink frog
  2507 | D        | Noticed a blink frog
  2507 | D        | Noticed a blink frog
  2508 | D        | Killed a blink frog
  2510 | D        | Killed a blink frog
  2513 | D        | Killed a blink frog
  2525 | D        | Killed a blink frog
  2543 | D        | Killed a blink frog
  2559 | D        | Noticed Rupert
  2561 | D        | Killed Rupert
  2561 | D        | Reached skill level 15 in Spellcasting
  2586 | D        | Noticed a death yak
  2587 | D        | Noticed a death yak
  2587 | D        | Noticed a blink frog
  2588 | D        | Noticed an azure jelly
  2588 | D        | Noticed a death yak
  2588 | D        | Noticed an azure jelly
  2588 | D        | Noticed a blink frog
  2588 | D        | Noticed a death yak
  2589 | D        | Noticed a blink frog
  2857 | D        | Noticed a black mamba
  2860 | D        | Killed a blink frog
  2864 | D        | Noticed a black mamba
  2871 | D        | Killed a death yak
  2871 | D        | Reached skill level 19 in Stealth
  2871 | D        | Reached XP level 12. HP: 39/51 MP: 10/32
  2969 | D        | Killed a blink frog
  2971 | D        | Killed a blink frog
  2973 | D        | Killed a black mamba
  2975 | D        | Killed a black mamba
  2983 | D        | Killed a death yak
  2988 | D        | Killed a death yak
  3151 | D        | Killed a death yak
  3304 | D        | Noticed a water moccasin
  3306 | D        | Killed a water moccasin
  3312 | D        | Noticed a black mamba
  3312 | D        | Noticed a black mamba
  3312 | D        | Noticed a water moccasin
  3312 | D        | Noticed a water moccasin
  3312 | D        | Noticed a black mamba
  3312 | D        | Noticed a black mamba
  3312 | D        | Noticed an anaconda
  3313 | D        | Noticed a water moccasin
  3332 | D        | Killed a black mamba
  3575 | D        | Noticed a water moccasin
  3578 | D        | Killed a water moccasin
  3583 | D        | Noticed a black mamba
  3593 | D        | Killed a black mamba
  3598 | D        | Killed a water moccasin
  3628 | D        | Killed a water moccasin
  3648 | D        | Killed a black mamba
  3651 | D        | Killed an anaconda
  3654 | D        | Killed a black mamba
  3654 | D        | Reached skill level 20 in Stealth
  3664 | D        | Killed a black mamba
  3685 | D        | Killed a water moccasin
  3803 | D        | Noticed an anaconda
  3803 | D        | Noticed an anaconda
  3803 | D        | Noticed an anaconda
  3803 | D        | Noticed an anaconda
  3803 | D        | Noticed an anaconda
  3804 | D        | Noticed a water moccasin
  3809 | D        | Killed an anaconda
  3973 | D        | Killed a water moccasin
  3973 | D        | Reached skill level 15 in Short Blades
  3975 | D        | Killed an anaconda
  4000 | D        | Noticed a naga
  4006 | D        | Killed a naga
  4016 | D        | Noticed a naga
  4026 | D        | Killed an anaconda
  4032 | D        | Killed a naga
  4053 | D        | Killed an anaconda
  4164 | D        | Noticed a naga warrior
  4164 | D        | Noticed a greater naga
  4164 | D        | Found Xociog's Food Boutique.
  4164 | D        | Found Lushyis's Jewellery Emporium.
  4165 | D        | Killed an anaconda
  4167 | D        | Found Ferivekk's Antique Armour Shop.
  4168 | D        | Killed a naga warrior
  4169 | D        | Killed a greater naga
  4169 | D        | Reached XP level 13. HP: 55/55 MP: 24/35
  4180 | D        | Noticed a guardian serpent
  4182 | D        | Killed a guardian serpent
  4182 | D        | Reached skill level 21 in Stealth
  4184 | D        | Got a serpentine rune of Zot
  4260 | D        | Noticed an azure jelly
  4260 | D        | Noticed an azure jelly
  4261 | D        | Noticed an elephant
  4261 | D        | Noticed an elephant
  4261 | D        | Noticed a dire elephant
  4261 | D        | Noticed a dire elephant
  4261 | D        | Noticed Gastronok
  4270 | D        | Killed Gastronok
  4282 | D        | Killed a dire elephant
  4290 | D        | Killed an elephant
  4504 | D        | Killed a dire elephant
  4515 | D        | Killed an elephant
  4900 | D        | Noticed an orc warrior
  4902 | D        | Noticed an orc sorcerer
  4902 | D        | Noticed an orc high priest
  4902 | D        | Noticed an orc knight
  4902 | D        | Noticed an orc priest
  4902 | D        | Noticed an orc knight
  4902 | D        | Noticed an orc wizard
  4902 | D        | Found Eklilus's Assorted Antiques.
  4908 | D        | Killed an orc warrior
  4916 | D        | Killed an orc knight
  5009 | D        | Killed an orc sorcerer
  5025 | D        | Killed an orc high priest
  5046 | D        | Killed an orc priest
  5052 | D        | Killed an orc knight
  5057 | D        | Killed an orc wizard
  5211 | D        | Bought a scroll of identify for 50 gold pieces
  5211 | D        | Bought a scroll of blinking for 187 gold pieces
  5226 | D        | Noticed a deep elf summoner
  5226 | D        | Noticed a deep elf conjurer
  5226 | D        | Noticed a deep elf conjurer
  5226 | D        | Noticed a deep elf knight
  5226 | D        | Noticed a deep elf summoner
  5232 | D        | Noticed a deep elf annihilator
  5234 | D        | Killed a deep elf knight
  5235 | D        | Killed a deep elf conjurer
  5237 | D        | Killed a deep elf summoner
  5237 | D        | Reached skill level 22 in Stealth
  5239 | D        | Killed a deep elf summoner
  5240 | D        | Killed a deep elf conjurer
  5242 | D        | Noticed a deep elf conjurer
  5255 | D        | Noticed a deep elf demonologist
  5260 | D        | Noticed a deep elf demonologist
  5273 | D        | Noticed a lorocyproca
  5273 | D        | Killed a deep elf conjurer
  5275 | D        | Killed a deep elf demonologist
  5498 | D        | Noticed a deep elf death mage
  5503 | D        | Noticed a deep elf high priest
  5514 | D        | Killed a deep elf demonologist
  5633 | D        | Noticed a deep elf blademaster
  5648 | D        | Killed a deep elf death mage
  5654 | D        | Killed a ghostly deep elf death mage
  5845 | D        | Killed a deep elf annihilator
  6161 | D        | Killed a deep elf high priest
  7444 | D        | Noticed Sigmund
  7444 | D        | Noticed Edmund
  7446 | D        | Killed Sigmund
  7446 | D        | Reached skill level 23 in Stealth
  7446 | D        | Reached skill level 10 in Ice Magic
  7447 | D        | Killed Edmund
  7465 | D        | Noticed an orc priest
  7465 | D        | Noticed an orc priest
  7466 | D        | Noticed an orc priest
  7466 | D        | Noticed an orc priest
  7467 | D        | Killed an orc priest
  7468 | D        | Killed an orc priest
  7470 | D        | Killed an orc priest
  7475 | D        | Killed an orc priest
  7536 | D        | Noticed an obsidian statue
  7538 | D        | Noticed a spriggan defender
  7539 | D        | Noticed a spriggan defender
  7539 | D        | Noticed a spriggan defender
  7539 | D        | Noticed a spriggan defender
  7540 | D        | Killed a spriggan defender
  7541 | D        | Killed a spriggan defender
  7543 | D        | Killed a spriggan defender
  7544 | D        | Killed a spriggan defender
  7627 | D        | Noticed a redback
  7630 | D        | Killed a redback
  7635 | D        | Noticed a centaur warrior
  7638 | D        | Killed a centaur warrior
  7638 | D        | Reached XP level 14. HP: 59/59 MP: 37/37
  7655 | D        | Identified Waamaimn's Volume of the Dusty Entourage
  7677 | D        | Noticed a centaur warrior
  7681 | D        | Killed a centaur warrior
  7690 | D        | Noticed a fire dragon
  7692 | D        | Killed a fire dragon
  7709 | D        | Noticed a slime creature
  7710 | D        | Noticed a slime creature
  7712 | D        | Killed a slime creature
  7713 | D        | Killed a slime creature
  7728 | D        | Noticed a dire flail of venom
  7728 | D        | Noticed a halberd of protection
  7739 | D        | Killed a halberd of protection
  7786 | D        | Noticed a long sword of flaming
  7787 | D        | Noticed a long sword of freezing
  7788 | D        | Killed a long sword of flaming
  7790 | D        | Killed a long sword of freezing
  7792 | D        | Killed a dire flail of venom
  7880 | D        | Killed an obsidian statue
  8197 | D        | Slain by an azure jelly

Vault maps used:
D:        dungeon_sprint_mu

Action                   |  1- 3 |  4- 6 |  7- 9 | 10-12 | 13-15 || total
-------------------------+-------+-------+-------+-------+-------++-------
Melee: Dagger            |    23 |    25 |    64 |   159 |   307 ||   578
       Rapier            |       |       |       |       |    82 ||    82
       Quick blade       |       |       |       |       |    15 ||    15
 Cast: Corona            |     1 |       |       |       |       ||     1
       Ensorcelled Hiber |     2 |     1 |    41 |    46 |    13 ||   103
       Confuse           |     1 |       |       |     2 |     2 ||     5
       Dazzling Spray    |       |     5 |     2 |    28 |    81 ||   116
       Tukima's Dance    |       |       |       |     2 |     4 ||     6
Invok: Shadow Step       |       |       |     2 |    15 |     6 ||    23
  Use: Potion            |       |     3 |       |     1 |     3 ||     7
       Scroll            |       |     3 |       |     1 |     1 ||     5
 Stab: Sleeping          |     3 |     6 |    40 |    53 |    31 ||   133
       Invisible         |       |       |     1 |     6 |     6 ||    13
       Distracted        |       |       |       |     1 |       ||     1
       Confused          |       |       |       |       |     1 ||     1
  Eat: Bread ration      |       |       |       |     1 |     1 ||     2
